 Dungeon Crawl Stone Soup version 0.31-a0-7-g51783674b7 (webtiles) character file.

Game seed: 8403385443282014117

1136 vineage the Fighter (level 8, -2/57 HPs)
             Began as a Gargoyle Fighter on May 5, 2023.
             Slain by a gnoll
             ... wielding a +2 halberd of freezing
             ... led by a gnoll sergeant
              (5 damage)
             ... on level 6 of the Dungeon.
             The game lasted 00:06:19 (4656 turns).

vineage the Fighter (Gargoyle Fighter)              Turns: 4656, Time: 00:06:20

Health: -2/57      AC: 21    Str: 25    XL:     8   Next: 36%
Magic:  8/8        EV:  6    Int:  9    God:
Gold:   202        SH:  4    Dex:  9    Spells: 7/7 levels left

rFire   . . .        n - +3 whip
rCold   + . .        c - +0 buckler
rNeg    + . .        e - +0 plate armour
rPois   ∞            m - +0 helmet
rElec   +            k - +0 cloak
rCorr   .            p - +0 pair of gloves
SInv    +            q - -1 pair of boots of Anaesthesia {rC+ Str+3}
Will    .....        (no amulet) Stlth
                     b - ring of see invisible
HPRegen 0.29/turn    (no ring)
MPRegen 0.11/turn

%: no passive effects
@: mighty
A: sickness immunity, AC +5, negative energy resistance 1, electricity
resistance, torment resistance 1, petrification resistance
a: no special abilities


You were on level 6 of the Dungeon.
You visited 2 branches of the dungeon, and saw 7 of its levels.

You collected 202 gold pieces.

Inventory:

Hand Weapons
 a - a +0 flail
 n - a +3 whip (weapon)
Armour
 c - a +0 buckler (worn)
 e - a +0 plate armour (worn)
 k - a +0 cloak (worn)
 m - a +0 helmet (worn)
 p - a +0 pair of gloves (worn)
 q - the -1 pair of boots of Anaesthesia (worn) {rC+ Str+3}
   (You acquired it on level 5 of the Dungeon)

   Str:       It affects your strength (+3).
   rC:        It protects you from cold.
Jewellery
 b - a ring of see invisible (left hand)
 h - an amulet of faith
 s - the ring "Byghoy" {rElec rPois Will- Dex+6}
   (You found it on level 5 of the Dungeon)

   [ring of dexterity]

   Dex:       It affects your dexterity (+6).
   rElec:     It insulates you from electricity.
   rPois:     It protects you from poison.
   Will:      It decreases your willpower.
Scrolls
 o - 2 scrolls of noise
 r - a scroll of identify
Potions
 f - 4 potions of resistance
 g - 2 potions of haste
 i - a potion of lignification
 j - 3 potions of brilliance
 l - 3 potions of magic


   Skills:
 + Level 10.1 Fighting
 * Level 3.5 Maces & Flails
 + Level 4.0 Armour
 + Level 4.0 Shields


You had 7 spell levels left.
You didn't know any spells.
Your spell library contained the following spells:

 Spells                   Type           Power      Damage    Failure   Level
 Apportation              Tloc           0%         N/A       100%        1
 Necrotise                Necr           0%         1d4       100%        1
 Sandblast                Erth           0%         2d4       100%        1
 Summon Small Mammal      Summ           0%         N/A       100%        1
 Passwall                 Tmut/Erth      0%         N/A       100%        2
 Call Canine Familiar     Summ           0%         N/A       100%        3
 Portal Projectile        Hex/Tloc       0%         N/A       100%        3
 Stone Arrow              Conj/Erth      0%         3d7       100%        3
 Cause Fear               Hex            0%         N/A       100%        4
 Leda's Liquefaction      Hex/Erth       0%         N/A       100%        4
 Dragon Form              Tmut           0%         N/A       100%        7
 Dragon's Call            Summ           0%         N/A       100%        9


Dungeon Overview and Level Annotations

Branches:
Dungeon (6/15)             Temple (1/1) D:4

Altars:
Ashenzari
Cheibriados
Fedhas
Gozag
Kikubaaqudgha
Makhleb
Nemelex Xobeh
Qazlal
Ru
Sif Muna
Trog
Uskayaw
Vehumet
Wu Jian
Xom
Yredelemnul
Zin
The Shining One

Shops:
D:4 (:(


Innate Abilities, Weirdness & Mutations

You are immune to sickness and miasma.
Your stone body is resilient. (AC +5)
You are immune to poison.
You resist negative energy. (rN+)
You are resistant to electric shocks. (rElec)
You are resistant to unholy torment.
You are immune to petrification.


Message History

* * * LOW HITPOINT WARNING * * *
The gnoll hits you but does no damage.
You hit the gnoll sergeant but do no damage.
The gnoll sergeant is almost dead.
The gnoll sergeant hits you but does no damage.
The gnoll hits you from afar with a +2 halberd of freezing.
* * * LOW HITPOINT WARNING * * *
The gnoll freezes you.
* * * LOW HITPOINT WARNING * * *
The gnoll sergeant blocks your attack.
The gnoll sergeant is almost dead.
The gnoll sergeant hits you with a +0 spear.
* * * LOW HITPOINT WARNING * * *
You block the gnoll's attack.
You hit the gnoll sergeant.
The gnoll sergeant is almost dead.
The gnoll hits you but does no damage.
The gnoll sergeant hits you but does no damage.
The gnoll sergeant blocks your attack.
The gnoll sergeant is almost dead.
You block the gnoll sergeant's attack. The gnoll hits you but does no damage.
You whack the gnoll sergeant!
You kill the gnoll sergeant!
The gnoll barely misses you.
Your Armour skill increases to level 4!
Your Shields skill increases to level 4!
You whack the gnoll!
You kill the gnoll!
The gnoll throws a throwing net.
The throwing net hits you.
You become entangled in the net!
You struggle against the net.
The gnoll barely misses you.
You struggle against the net.
The gnoll hits you from afar with a +2 halberd of freezing.
* * * LOW HITPOINT WARNING * * *
The gnoll freezes you.
* * * LOW HITPOINT WARNING * * *
You shred the net and break free!
The gnoll throws a throwing net.
The throwing net completely misses you.
The gnoll hits you with a +2 halberd of freezing.
You die...

#. #.#..## . .g.# #.#...
. # ..... ##.#.# .##. #.
.....g ....##.##.
#.......##.#......> #.
#..........##. ####.
#........####.##
......#####..........###
#(....)@g...........#
#..########.####..#.# #.
.# ##...# # # #...#
##.<# #..# #..# #..#
...#


You could see a gnoll.

Vanquished Creatures
  The ghost of makewrite the Cudgeller, a novice GrMo (D:5)
  A sky beast (D:5)
  A bullfrog (D:3)
  A gnoll sergeant (D:6)
  A scorpion (D:5)
  The ghost of bmj180 the Firebug, a weakling DrFE (D:3)
  A howler monkey (D:5)
  4 hounds
  An orc priest (D:5)
  2 iguanas
  An orc wizard (D:5)
  8 adders
  11 gnolls
  2 white imps
  An ufetubus (D:4)
  A worm (D:2)
  3 dart slugs (D:4)
  17 orcs
  2 endoplasms (D:4)
  A giant cockroach (D:2)
  4 goblins
  3 hobgoblins
  13 jackals
  6 kobolds
  4 quokkas
  4 ball pythons
  9 bats
  9 frilled lizards
  7 rats
120 creatures vanquished.

Notes
Turn   | Place    | Note
-------+----------+-------------------------------------------
     0 | D:1      | vineage the Gargoyle Fighter began the quest for the Orb.
     0 | D:1      | Reached XP level 1. HP: 14/14 MP: 1/1
   306 | D:1      | Reached XP level 2. HP: 19/20 MP: 2/2
   309 | D:1      | Reached skill level 4 in Fighting
   918 | D:2      | Reached XP level 3. HP: 16/24 MP: 3/3
   999 | D:2      | Reached skill level 5 in Fighting
  1005 | D:2      | Reached XP level 4. HP: 15/31 MP: 4/4
  1825 | D:3      | Found a runed translucent door.
  1837 | D:3      | Noticed a bullfrog
  1866 | D:3      | Identified the +3 dagger "Dolis" {heavy, Fragile rElec
                  | rPois Will+}
  1883 | D:3      | Noticed bmj180's ghost (weakling DrFE)
  1897 | D:3      | Killed a bullfrog
  1898 | D:3      | Reached skill level 6 in Fighting
  1898 | D:3      | Reached XP level 5. HP: 20/37 MP: 5/5
  1918 | D:3      | Killed bmj180's ghost
  1919 | D:3      | Reached skill level 7 in Fighting
  2160 | D:3      | Reached XP level 6. HP: 40/44 MP: 6/6
  2412 | D:4      | Found a staircase to the Ecumenical Temple.
  2521 | Temple   | Entered the Ecumenical Temple
  2830 | D:4      | Found Daxoq's Weapon Shop.
  2929 | D:4      | Found Vuid's Weapon Shop.
  3041 | D:4      | Found Peurch's Book Shop.
  3436 | D:5      | Entered Level 5 of the Dungeon
  3584 | D:5      | Found a runed translucent door.
  3584 | D:5      | Noticed makewrite's ghost (novice GrMo)
  3596 | D:5      | Reached skill level 8 in Fighting
  3631 | D:5      | Identified a scroll of acquirement
  3631 | D:5      | Acquired the -1 pair of boots of Anaesthesia {rC+ Str+3}
  3703 | D:5      | Noticed a sky beast
  3713 | D:5      | Killed a sky beast
  3714 | D:5      | Reached XP level 7. HP: 46/50 MP: 7/7
  4014 | D:5      | Reached skill level 9 in Fighting
  4139 | D:5      | Found a glowing golden altar of the Shining One.
  4292 | D:5      | Identified the ring "Byghoy" {rElec rPois Will- Dex+6}
  4441 | D:5      | Found an ancient bone altar of Kikubaaqudgha.
  4512 | D:5      | Killed makewrite's ghost
  4513 | D:5      | Reached skill level 10 in Fighting
  4513 | D:5      | Reached XP level 8. HP: 38/57 MP: 8/8
  4654 | D:6      | HP: 2/57 [gnoll/+2 halberd of freezing[a gnoll sergeant]
                  | (1)]
  4656 | D:6      | Slain by a gnoll

Illustrated notes

Levels and vault maps discovered:
D:1:      saegor_arrival_simple_c, layout_loops_corners, patterned_corridor
D:2:      layout_basic, minmay_lizard_pond
D:3:      layout_rooms, ebering_ghost_sewer_d
D:4:      layout_rooms, minmay_temple_entry_grid, serial_shops,
          nicolae_shop_hallway_plus, shop, nicolae_shop_bloodbath_and_beyond,
          kennysheep_big_empty_room, minivault_1, minivault_25
D:5:      layout_loops_cross, mainiacjoe_overflow_cross_hatched,
          general_overflow_altar, hellmonk_ghost_happy_afterlife,
          grunt_ministairs_11
D:6:      layout_loops_ring, uniq_prince_ribbit1, uniq_pikel
Temple:   nicolae_temple_bog_church

Skill      XL: |  1  2  3  4  5  6  7  8 |
---------------+-------------------------+-----
Fighting       | 4 5 6 7 8 10 | 10.1
Maces & Flails | 3 |  3.5
Armour         | 4 |  4.0
Shields        | 4 |  4.0

Action                     |  1- 3 |  4- 6 |  7- 9 || total
---------------------------+-------+-------+-------++-------
  Melee: Flail             |   106 |    59 |       ||   165
         Dagger            |       |   197 |       ||   197
         Whip              |       |    20 |   138 ||   158
    Use: Scroll            |     1 |    11 |     1 ||    13
         Potion            |       |       |     1 ||     1
 Armour: Scale mail        |    72 |   171 |       ||   243
         Plate armour      |       |    87 |    91 ||   178
  Dodge: Dodged            |    80 |   188 |    44 ||   312
  Block: Buckler           |    36 |    90 |    39 ||   165

Table legend: (Time is in decaauts)
 A = Elapsed time spent in this place.
 B = Non-inter-level travel time spent in this place.
 C = Inter-level travel time spent in this place.
 D = Time resting spent in this place.
 E = Time spent auto-exploring this place.
 F = Levels seen in this place.
 G = Mean time per level.
                   A        B        C        D        E       F      G
               +--------+--------+--------+--------+--------+-----+--------+
         Total |   4825 |   4496 |    329 |    164 |   3277 |   7 |  689.3 |
       Dungeon |   4611 |   4304 |    307 |    164 |   3101 |   6 |  768.5 |
        Temple |    213 |    191 |     22 |      0 |    176 |   1 |  213.0 |
               +--------+--------+--------+--------+--------+-----+--------+

Top non-repeatable levels by time:
     D:5: 1193 daAuts
     D:2: 947 daAuts
     D:1: 929 daAuts
     D:4: 866 daAuts
     D:3: 621 daAuts
  Temple: 213 daAuts
     D:6: 54 daAuts
